 Dungeon Crawl Stone Soup version 0.31.0-9-g3a7656b989 (webtiles) character file.

Game seed: 5216502898124290814

18 qw the Shooter (level 2, 0/16 HPs)
             Began as a Deep Elf Hunter on Feb 2, 2024.
             Slain by a gnoll
             ... wielding a +0 club
              (5 damage)
             ... on level 2 of the Dungeon.
             The game lasted 00:00:02 (788 turns).

qw the Shooter (Deep Elf Hunter)                     Turns: 788, Time: 00:00:02

Health: 0/16       AC:  3    Str:  8    XL:     2   Next: 51%
Magic:  4/4        EV: 12    Int: 13    God:
Gold:   76         SH:  0    Dex: 18    Spells: 1/1 levels left

rFire   . . .        a - +0 shortbow
rCold   . . .        (shield currently unavailable)
rNeg    . . .        c - +0 leather armour
rPois   .            (no helmet)
rElec   .            (no cloak)
rCorr   .            (no gloves)
SInv    .            (no boots)
Will    .....        (no amulet)
Stlth   ++           (no ring)
HPRegen 0.22/turn    (no ring)
MPRegen 0.09/turn

%: no passive effects
@: no status effects
A: no striking features
a: no special abilities


You were on level 2 of the Dungeon.
You visited 1 branch of the dungeon, and saw 2 of its levels.

You collected 76 gold pieces.


   Skills:
 - Level 1.5 Fighting
 + Level 6.3 Ranged Weapons
 - Level 2.4 Dodging
 - Level 1.2 Stealth


You had one spell level left.
You didn't know any spells.
Your spell library was empty.

Inventory:

Hand Weapons
 a - a +0 shortbow (weapon)
Armour
 c - a +0 leather armour (worn)

Dungeon Overview and Level Annotations

Branches:
Dungeon (2/15)

Altars:

Shops:
D:1 [


Message History

Done exploring.
What level of the Dungeon? (default 1, ? - help)
There is a stone staircase leading down here.
You climb downwards.
Found a hand axe, a robe and a book of Minor Magic.
There is a stone staircase leading up here.
There are monsters nearby!
Waypoint 1 assigned to D:2.
779 ||| RETREEEEATING.
A gnoll comes into view. It is wielding a +0 spear.
Found a helmet, a scroll of blinking and 4 stones.
The gnoll shouts! x2; The frilled lizard hisses angrily.
You hear a shout!
780 ||| RETREEEEATING.
781 ||| RETREEEEATING.
You shoot an arrow.
The arrow closely misses the ball python.
A giant cockroach comes into view.
You shoot an arrow.
The arrow barely misses the ball python.
The ball python bites you but does no damage.
The ball python closely misses you.
You shoot an arrow. The arrow hits the ball python!
You kill the ball python!
A bat comes into view.
You shoot an arrow. The arrow hits the gnoll.
The gnoll is lightly wounded.
The gnoll hits you with a +0 club.
You shoot an arrow. The arrow barely misses the gnoll.
The arrow barely misses the bat.
The arrow hits the giant cockroach.
The giant cockroach is moderately wounded.
You hear a shout!
The gnoll hits you with a +0 club!
A kobold comes into view. It is wielding a +0 club.
You hear an angry hiss.
You hear a loud squeak.
You shoot an arrow. The arrow hits the gnoll!
The gnoll is severely wounded.
The gnoll completely misses you.
You shoot an arrow. The arrow hits the gnoll.
The gnoll is almost dead.
The gnoll hits you with a +0 club.
You die...

.#.# ..#
..# ..# #.#
#.# .. #.#
.l.. #@#
.g...###g#
[...g..gb##
....g..lB.#
####...#..#
#.#....##
#.#.#.###
#?#.##.
([)# #.


You could see 2 gnolls, a giant cockroach, a bat and a frilled lizard.

Vanquished Creatures
  A dart slug (D:1)
  3 giant cockroaches (D:1)
  7 kobolds (D:1)
  A ball python (D:2)
  3 frilled lizards (D:1)
  3 rats (D:1)
18 creatures vanquished.

Notes
Turn   | Place    | Note
-------+----------+-------------------------------------------
     0 | D:1      | qw the Deep Elf Hunter began the quest for the Orb.
     0 | D:1      | Reached XP level 1. HP: 12/12 MP: 3/3
     0 | D:1      | 0 ||| qw: Version: 0.3-a-155-g5e7d8dd
     0 | D:1      | 0 ||| qw: Game counter: 1225
     0 | D:1      | 0 ||| qw: Melee chars always use a shield: true
     0 | D:1      | 0 ||| qw: God list: Okawaru
     0 | D:1      | 0 ||| qw: Allow faded altars: false
     0 | D:1      | 0 ||| qw: Do Orc after clearing Dungeon:15 true
     0 | D:1      | 0 ||| qw: Do second Lair branch before Depths: true
     0 | D:1      | 0 ||| qw: Lair rune preference: random
     0 | D:1      | 0 ||| qw: Goals: Normal
     0 | D:1      | 0 ||| PLANNING D:1-11
    88 | D:1      | Reached XP level 2. HP: 16/16 MP: 4/4
    95 | D:1      | Reached skill level 6 in Ranged Weapons
   473 | D:1      | Found Rusmell's Antique Armour Shoppe.
   477 | D:1      | 477 ||| SHOPLISTING helmet (81 gold, have 58).
   477 | D:1      | 477 ||| SHOPLISTING pair of gloves (81 gold, have 58).
   477 | D:1      | 477 ||| SHOPLISTING pearl dragon scales (1800 gold, have
                  | 58).
   477 | D:1      | 477 ||| SHOPLISTING ring mail (72 gold, have 58).
   477 | D:1      | 477 ||| SHOPLISTING runed ring mail (126 gold, have 58).
   643 | D:1      | 643 ||| READING scroll labelled MACWIF KEIREMP.
   644 | D:1      | 644 ||| READING scroll labelled QIWIMISEPO.
   645 | D:1      | 645 ||| READING scroll labelled XILOHI WOTHRIG.
   646 | D:1      | 646 ||| READING scroll labelled HERECU MEHEYT.
   646 | D:1      | 646 ||| IDENTIFYING glowing cyan potion
   647 | D:1      | 647 ||| DRINKING 2 fuming orange potions.
   752 | D:1      | 752 ||| DROPPING scroll of butterflies.
   753 | D:1      | 753 ||| DROPPING potion of attraction.
   754 | D:1      | 754 ||| DROPPING potion of berserk rage.
   779 | D:2      | 779 ||| RETREEEEATING.
   780 | D:2      | 780 ||| RETREEEEATING.
   781 | D:2      | 781 ||| RETREEEEATING.
   786 | D:2      | HP: 4/16 [gnoll/+0 club (7)]
   788 | D:2      | Slain by a gnoll

Levels and vault maps discovered:
D:1:      dpeg_arrival_tiny_i, layout_loops_cross, serial_shops, shop,
          lexackson_kobold_supper
D:2:      kb_forest_paths, layout_rooms, minmay_circle_x

Skill      XL: |  1  2 |
---------------+-------+-----
Ranged Weapons | 6 |  6.3
Fighting       | |  1.5
Dodging        | |  2.4
Stealth        | |  1.2

Action                     || total
---------------------------++-------
   Fire: Shortbow          ||    41
    Use: Scroll            ||     4
         Potion            ||     1
 Armour: Leather armour    ||     6
  Dodge: Dodged            ||     7

Table legend:
 A = Non-vault XP
 B = Vault XP
 C = Vault XP percentage of total XP
 D = Non-vault monster count
 E = Vault monster count
 F = Vault count percentage of total count
                 A         B        C        D         E       F
            +---------+---------+-------+---------+---------+-------
      Total |      16 |      11 |  40.7 |      10 |       8 |  44.4
            +---------+---------+-------+---------+---------+-------
        D:1 |      15 |      11 |  42.3 |       9 |       8 |  47.1
        D:2 |       1 |       0 |   0.0 |       1 |       0 |   0.0
            +---------+---------+-------+---------+---------+-------
